 Dungeon Crawl Stone Soup version 0.32-a0-643-ga006e7742e (webtiles) character file.

Game seed: 1073120612314201747

12224 holysushi the Impaler (level 11, 0/86 HPs)
             Began as a Merfolk Gladiator on Mar 8, 2024.
             Was a Believer of Beogh.
             Killed from afar by Erica (25 damage)
             ... with a bolt of poison
             ... on level 11 of the Dungeon.
             The game lasted 00:24:47 (12187 turns).

holysushi the Impaler (Merfolk Gladiator)          Turns: 12187, Time: 00:24:47

Health: 0/86       AC: 11    Str: 18    XL:     11   Next: 90%
Magic:  12/12      EV:  9    Int:  7    God:    Beogh [**....]
Gold:   311        SH:  0    Dex: 19    Spells: 10/10 levels left

rFire   + . .        D - +2 halberd (venom)
rCold   + . .        (shield currently unavailable)
rNeg    . . .        J - +0 acid dragon scales
rPois   .            c - +1 helmet
rElec   +            (no cloak)
rCorr   +            y - +0 pair of gloves
SInv    .            m - +1 pair of boots
Will    +....        n - amulet of magic regeneration
Stlth   +++          f - ring of Anwo {*Corrode rElec rF+ rC+ Dex+2}
HPRegen 0.34/turn    v - ring of willpower
MPRegen 0.53/turn

%: corrode self (3%), clarity
@: lethally poisoned (0 -> -37), constricted
A: (nimble swimmer 2), mertail, clarity
a: Renounce Religion, Smiting


You were on level 11 of the Dungeon.
You worshipped Beogh.
Beogh was pleased with you.
You visited 1 branch of the dungeon, and saw 11 of its levels.
You also visited: Ossuary and Bailey.

You collected 663 gold pieces.
You spent 352 gold pieces at shops.

Inventory:

Hand Weapons
 D - a +2 halberd of venom (weapon)
Missiles
 d - 3 throwing nets (quivered)
 e - a javelin
Armour
 b - a +0 leather armour
 c - a +1 helmet (worn)
 m - a +1 pair of boots (worn)
 y - a +0 pair of gloves (worn)
 J - +0 acid dragon scales (worn)
 M - +0 ice dragon scales
Jewellery
 f - the ring of Anwo (left hand) {*Corrode rElec rF+ rC+ Dex+2}
   (You found it in a bailey)

   [ring of protection from cold]

   Dex+2:     It affects your dexterity (+2).
   rF+:       It protects you from fire.
   rC+:       It protects you from cold.
   rElec:     It insulates you from electricity.
   *Corrode:  It may corrode you when you take damage.
 h - a ring of see invisible
 n - an amulet of magic regeneration (around neck)
 t - a ring of resist corrosion
 v - a ring of willpower (right hand)
 C - a ring of flight
Wands
 l - a wand of warping (7)
 o - a wand of digging (11)
 q - a wand of flame (5)
 K - a wand of light (15)
Scrolls
 a - 2 scrolls of revelation {unknown}
 i - 10 scrolls of teleportation
 j - 6 scrolls of identify
 s - 2 scrolls of enchant armour
 u - 3 scrolls of poison
 B - a scroll of amnesia {unknown}
 F - a scroll of brand weapon
 G - a scroll of fear
 H - a scroll of vulnerability
 L - a scroll of noise {unknown}
Potions
 g - 5 potions of lignification
 k - a potion of ambrosia
 p - 2 potions of degeneration {unknown}
 r - a potion of resistance
 w - 3 potions of magic
 x - 2 potions of mutation
 z - a potion of brilliance
 A - a potion of attraction
 E - a potion of haste {unknown}
 I - 2 potions of invisibility


   Skills:
 - Level 8.0 Fighting
 + Level 17.5 Polearms
 - Level 2.0 Throwing
 - Level 2.0 Armour
 + Level 12.3 Dodging
 - Level 5.0 Stealth
 - Level 2.0 Invocations
 - Level 2.0 Evocations


You had 10 spell levels left.
You didn't know any spells.
Your spell library contained the following spells:

 Spells                   Type           Power      Damage    Failure   Level
 Apportation              Tloc           0%         N/A       52%         1
 Magic Dart               Conj           0%         1d3       52%         1
 Necrotise                Necr           0%         1d4       52%         1
 Sandblast                Erth           0%         2d4       52%         1
 Sting                    Conj/Alch      0%         1d3       52%         1
 Summon Small Mammal      Summ           0%         N/A       52%         1
 Blink                    Tloc           0%         N/A       67%         2
 Jinxbite                 Hex            0%         N/A       67%         2
 Lesser Beckoning         Tloc           0%         N/A       67%         2
 Momentum Strike          Conj/Tloc      0%         3d8       67%         2
 Searing Ray              Conj           0%         2d4       67%         2
 Passwall                 Erth           0%         N/A       88%         3
 Stone Arrow              Conj/Erth      0%         3d7       88%         3
 Vampiric Draining        Necr           0%         2d6       88%         3
 Brom's Barrelling Bould  Conj/Erth      0%         2d3       99%         4
 Fulminant Prism          Conj/Alch      0%         3d5       99%         4
 Martyr's Knell           Necr/Summ      0%         N/A       99%         4
 Passage of Golubria      Tloc           0%         N/A       99%         4
 Alistair's Intoxication  Alch           0%         N/A       100%        5
 Curse of Agony           Necr           0%         N/A       100%        5
 Silence                  Hex/Air        0%         N/A       100%        5
 Lehudib's Crystal Spear  Conj/Erth      0%         10d2      100%        8


Dungeon Overview and Level Annotations

Branches:
Dungeon (11/15) Zot: 25768  Temple (0/1) D:6            Lair (0/5) D:9
    Orc (0/2) D:10        Ossuary (visited)          Bailey (visited)

Altars:
Elyvilon
Gozag
Hepliaklqana
Kikubaaqudgha
Makhleb
Okawaru
Qazlal
Ru
Trog
Xom
Yredelemnul
Zin

Shops:
D:3 [(!!:   D:5 :   D:6 ??(*(

Annotations:
D:4 Dowan, Duvessa, Edmund
D:7 1 runed translucent door, MiniTore's ghost, novice CoBe
D:8 exclusion: downstairs
D:11 Erica


Innate Abilities, Weirdness & Mutations

Your facial features look somewhat orcish.
((You are very nimble when in or above water. (Stealth+, EV+, Speed+++)))
Your lower body shifts to a powerful aquatic tail in water.
You possess an exceptional clarity of mind.


Message History

You hit Erica.
Erica is poisoned.
Erica is lightly wounded.
You miss Erica.
Erica is lightly wounded.
Erica hits you with a +2 scimitar of flaming!
Erica burns you. Erica misses you.
You hit Erica.
Erica looks as sick as possible!
Erica is moderately wounded.
You slash Erica!
Erica looks as sick as possible!
Erica is moderately wounded.
Erica barely misses you. Erica closely misses you.
You miss Erica.
Erica is moderately wounded.
Erica barely misses you.
You barely miss Erica.
Erica is moderately wounded.
Erica hits you with a +2 scimitar of flaming!
Erica burns you. Erica grabs you. Erica constricts you.
You miss Erica.
Erica is moderately wounded.
You closely miss Erica.
Erica is heavily wounded.
Erica barely misses you. Erica constricts you.
You hit Erica.
Erica looks as sick as possible!
Erica is heavily wounded.
Erica casts a spell at you. The bolt of poison hits you!!
You are poisoned.
Erica constricts you.
You barely miss Erica.
Erica is heavily wounded.
You feel very sick.
You closely miss Erica.
Erica is heavily wounded.
You feel sick. Erica casts a spell at you. The bolt of poison hits you!!
You are lethally poisoned!
You die...
Erica begins burbling mirthfully and uncontrollably.

#.#.#.....#.#
##.#.........#
.....#.#.#.#.#
.............#.###
....######.......#
....##.....#####.#
.......###.#...#.#
....#### #.'...#x#
....# #.#...#@#
....# #.#...#.#
....# #.#####.#
##### #.......#
#########


You could see Erica (extremely poisoned).

Vanquished Creatures
  A hydra (D:9)
  An ogre mage (D:11)
  A catoblepas (D:11)
  A boulder beetle (D:9)
  3 two-headed ogres
  Sonja (D:11)
  A gargoyle (D:11)
  2 komodo dragons (D:11)
  3 trolls (D:11)
  Prince Ribbit (D:9)
  2 hornets
  2 wraiths
  2 shadows
  2 wyverns
  Sigmund (D:4)
  4 yaks
  Eustachio (D:6)
  2 acid dragons (D:9)
  A water moccasin (D:7)
  A black bear (D:5)
  3 orc warriors
  3 centaurs
  2 ogres
  3 phantoms
  7 kobold brigands
  5 water moccasin zombies (Ossuary)
  2 gnoll sergeants
  A scorpion (D:5)
  2 burial acolytes
  4 howler monkeys
  A bombardier beetle (D:4)
  3 jellies (D:6)
  6 hounds
  3 orc priests
  A gnoll bouda (D:8)
  4 iguanas
  A sleepcap (D:5)
  10 orc wizards
  A crocodile zombie (Ossuary)
  A bullfrog simulacrum (Ossuary)
  2 hound zombies (D:6)
  3 mummies
  17 gnolls
  6 adders
  3 shadow imps
  A white imp (D:6)
  3 adder zombies
  3 dart slugs
  A ribbon worm (D:3)
  27 orcs
  9 endoplasms
  4 giant cockroaches
  10 gnoll zombies
  13 goblins
  5 hobgoblins
  9 jackals
  22 kobolds
  5 quokkas
  4 ball pythons
  8 bats
  3 frilled lizards
  5 jackal zombies (Ossuary)
  2 kobold zombies
  3 orc zombies
  5 rats
269 creatures vanquished.

Notes
Turn   | Place    | Note
-------+----------+-------------------------------------------
     0 | D:1      | holysushi the Merfolk Gladiator began the quest for the
                  | Orb.
     0 | D:1      | Reached XP level 1. HP: 16/16 MP: 1/1
   131 | D:1      | Reached XP level 2. HP: 22/22 MP: 2/2
   287 | D:1      | Reached skill level 5 in Polearms
   477 | D:1      | Reached XP level 3. HP: 18/27 MP: 3/3
  1045 | D:2      | Reached skill level 6 in Polearms
  1192 | D:2      | Gained mutation: You possess an exceptional clarity of
                  | mind. [potion of mutation]
  1192 | D:2      | Gained mutation: You occasionally lose the ability to drink
                  | potions when taking damage. [potion of mutation]
  1192 | D:2      | Lost mutation: You occasionally lose the ability to drink
                  | potions when taking damage. [potion of mutation]
  1199 | D:2      | Reached XP level 4. HP: 13/34 MP: 4/4
  1613 | D:3      | Found Fuinloar's Distillery.
  1620 | D:3      | Bought a potion of might for 40 gold pieces
  1620 | D:3      | Bought a potion of lignification for 30 gold pieces
  1620 | D:3      | Bought a potion of heal wounds for 50 gold pieces
  1620 | D:3      | Bought a potion of berserk rage for 50 gold pieces
  1627 | D:3      | Noticed a phantom
  1649 | D:3      | Killed a phantom
  1650 | D:3      | Reached XP level 5. HP: 36/41 MP: 5/5
  1670 | D:3      | Found Baluwyup's Book Shop.
  1737 | D:3      | Found Mougiasch's Distillery.
  1748 | D:3      | Found a stormy altar of Qazlal.
  1887 | D:3      | Found an iron altar of Okawaru.
  1976 | D:3      | Found Jyawom's Weapon Boutique.
  2052 | D:3      | Found a basalt altar of Yredelemnul.
  2069 | D:3      | Found a white marble altar of Elyvilon.
  2276 | D:3      | Found Lurghemiu's Armour Emporium.
  2463 | D:3      | Reached skill level 7 in Polearms
  2556 | D:4      | Noticed Sigmund
  2656 | D:4      | Noticed Dowan
  2657 | D:4      | Noticed Duvessa
  2756 | D:4      | Reached XP level 6. HP: 47/48 MP: 6/6
  2798 | D:4      | Reached skill level 5 in Dodging
  2822 | D:4      | Found a sand-covered staircase.
  2830 | Ossuary  | Entered an ossuary
  3058 | Ossuary  | Reached skill level 8 in Polearms
  3058 | Ossuary  | Reached XP level 7. HP: 44/54 MP: 7/7
  3320 | Ossuary  | Reached skill level 9 in Polearms
  3507 | D:4      | Killed Sigmund
  3508 | D:4      | Reached skill level 10 in Polearms
  3508 | D:4      | Reached XP level 8. HP: 52/60 MP: 8/8
  3585 | D:4      | Noticed Edmund
  3786 | D:5      | Entered Level 5 of the Dungeon
  4141 | D:5      | Reached skill level 11 in Polearms
  4204 | D:5      | Found Kurare Onuna's Self-Published Books.
  4812 | D:6      | Reached skill level 12 in Polearms
  5109 | D:6      | Found a staircase to the Ecumenical Temple.
  5174 | D:6      | Reached skill level 13 in Polearms
  5174 | D:6      | Reached XP level 9. HP: 32/65 MP: 9/9
  5325 | D:6      | Found an ancient bone altar of Kikubaaqudgha.
  5602 | D:6      | Noticed Eustachio
  5725 | D:6      | Killed Eustachio
  5924 | D:6      | Found Woozxas's Magic Scroll Shoppe.
  5926 | D:6      | Found Azorhou's Magic Scroll Emporium.
  5927 | D:6      | Found Yskoorr's General Store.
  5928 | D:6      | Found Imoddeije's Weapon Boutique.
  5928 | D:6      | Found Joitasti's Weapon Shoppe.
  5957 | D:6      | Reached skill level 14 in Polearms
  6027 | D:6      | Bought a scroll of brand weapon for 142 gold pieces
  6029 | D:6      | Bought a scroll of fear for 40 gold pieces
  6338 | D:7      | Found a burning altar of Makhleb.
  6343 | D:7      | Found a bloodstained altar of Trog.
  6347 | D:7      | Found a glowing silver altar of Zin.
  6349 | D:7      | Found a hazy altar of Hepliaklqana.
  6352 | D:7      | Found an opulent altar of Gozag.
  6356 | D:7      | Found a shimmering altar of Xom.
  6414 | D:7      | Found a runed translucent door.
  6414 | D:7      | Noticed MiniTore's ghost (novice CoBe)
  6451 | D:7      | Found a flagged portal.
  6475 | Bailey   | Entered a bailey
  6521 | Bailey   | HP: 2/65 [asphyx]
  6536 | Bailey   | Reached skill level 15 in Polearms
  6694 | Bailey   | Identified the ring of Anwo {*Corrode rElec rF+ rC+ Dex+2}
  7500 | D:8      | Became a worshipper of Beogh the Shepherd
  8114 | D:8      | Found a sacrificial altar of Ru.
  8194 | D:8      | Noticed a hornet
  8201 | D:8      | Killed a hornet
  8202 | D:8      | Reached skill level 16 in Polearms
  8202 | D:8      | Reached XP level 10. HP: 57/71 MP: 10/10
  8771 | D:9      | Reached * piety under Beogh
  8859 | D:9      | Reached skill level 5 in Fighting
  8972 | D:9      | Found a staircase to the Lair.
  9115 | D:9      | Noticed a five-headed hydra
  9115 | D:9      | Noticed Prince Ribbit
  9223 | D:9      | Killed a five-headed hydra
  9224 | D:9      | Reached skill level 1 in Evocations
  9229 | D:9      | Killed Prince Ribbit
  9230 | D:9      | Reached skill level 10 in Dodging
  9346 | D:9      | Noticed a boulder beetle
  9358 | D:9      | Killed a boulder beetle
  9529 | D:10     | Entered Level 10 of the Dungeon
  9631 | D:10     | Found a staircase to the Orcish Mines.
 10138 | D:10     | Reached XP level 11. HP: 83/83 MP: 11/11
 10140 | D:10     | Reached ** piety under Beogh
 10228 | D:9      | Reached skill level 1 in Invocations
 10552 | D:10     | Noticed a two-headed ogre
 10570 | D:10     | Killed a two-headed ogre
 11010 | D:11     | Noticed Sonja
 11017 | D:11     | Killed Sonja
 11535 | D:11     | Reached skill level 5 in Stealth
 11614 | D:11     | Noticed a two-headed ogre
 11616 | D:11     | Noticed a two-headed ogre
 11617 | D:11     | Noticed an ogre mage
 11635 | D:11     | Killed a two-headed ogre
 11636 | D:11     | Reached skill level 1 in Armour
 11651 | D:11     | Killed an ogre mage
 11652 | D:11     | Reached skill level 17 in Polearms
 11661 | D:11     | HP: 4/86 [two-headed ogre/+0 dire flail (12)]
 11670 | D:11     | Killed a two-headed ogre
 11963 | D:11     | Noticed a catoblepas
 11981 | D:11     | Killed a catoblepas
 12173 | D:11     | Noticed Erica
 12187 | D:11     | Killed from afar by Erica

Illustrated notes

Levels and vault maps discovered:
D:1:      lemuel_arrival_tunnels, layout_basic
D:2:      layout_basic
D:3:      minmay_wonky_spiral, layout_loops_cross, overflow_temple_1_default,
          mainiacjoe_overflow_surrounded_room, lemuel_crystal_altar,
          nicolae_elyvilon_temple_path, serial_shops, shop, shop, shop,
          nicolae_shop_getting_attention, nicolae_shop_tiny_glass,
          serial_bayou_pond_d
D:4:      layout_cave_pools, lemuel_crystal_altar, nicolae_ossuary_entry_giza,
          uniq_duvessa, uniq_edmund, uniq_sigmund
D:5:      layout_basic, nicolae_custom_books, corexii_shack,
          nicolae_eternal_life
D:6:      layout_basic, regret_index_kikubaaqudgha_part_by_part,
          minmay_temple_entry_purple_smoke, nicolae_wooded_promenade,
          kennysheep_cross_room, uniq_eustachio
D:7:      layout_basic, nicolae_overflow_hallway_of_the_gods,
          gammafunk_ghost_grave, enter_bailey_5, nicolae_underground_beach
D:8:      layout_gridville, nicolae_ru_great_annihilating_truth,
          hangedman_decor_slide_cut
D:9:      layout_roguey, lair_entry_dummy, minmay_three_doors,
          uniq_prince_ribbit1
D:10:     layout_irregular_city, orc_0_dummy
D:11:     layout_roguey, st_stairs_2, uniq_sonja, uniq_erica

Skill      XL: |  1  2  3  4  5  6  7  8  9 10 11 |
---------------+----------------------------------+-----
Polearms       | 5 6 7 8 10 13 16 17 | 17.5
Fighting       | 3 4 6 8 |  8.0
Dodging        | 5 7 8 10 12 | 12.3
Evocations     | 2 |  2.0
Stealth        | 3 5 |  5.0
Invocations    | 2 |  2.0
Armour         | 2 |  2.0
Throwing       | |  2.0

Action                     |  1- 3 |  4- 6 |  7- 9 | 10-12 || total
---------------------------+-------+-------+-------+-------++-------
  Melee: Trident           |   151 |   188 |   107 |       ||   446
         Halberd           |       |       |   351 |   270 ||   621
 Invoke: Convert to Beogh  |       |       |     1 |       ||     1
  Evoke: Wand              |       |       |     4 |    17 ||    21
    Use: Potion            |     2 |     2 |     5 |     1 ||    10
         Scroll            |       |       |    13 |     1 ||    14
   Stab: Sleeping          |     3 |     2 |     3 |     5 ||    13
         Invisible         |       |       |     6 |       ||     6
         Paralysed         |       |       |     2 |       ||     2
 Armour: Leather armour    |    71 |    72 |   189 |    29 ||   361
         Acid dragon scale |       |       |       |    80 ||    80
         Ice dragon scales |       |       |       |     6 ||     6
  Dodge: Dodged            |   136 |    95 |   318 |   116 ||   665

Table legend: (Time is in decaauts)
 A = Elapsed time spent in this place.
 B = Non-inter-level travel time spent in this place.
 C = Inter-level travel time spent in this place.
 D = Time resting spent in this place.
 E = Time spent auto-exploring this place.
 F = Levels seen in this place.
 G = Mean time per level.
                   A        B        C        D        E       F      G
               +--------+--------+--------+--------+--------+-----+--------+
         Total |  12071 |  11613 |    458 |   3112 |   5144 |  13 |  928.5 |
       Dungeon |  11209 |  10751 |    458 |   2676 |   5126 |  11 | 1019.0 |
       Ossuary |    585 |    585 |      0 |    274 |     18 |   1 |  585.0 |
        Bailey |    276 |    276 |      0 |    162 |      0 |   1 |  276.0 |
               +--------+--------+--------+--------+--------+-----+--------+

Top non-repeatable levels by time:
     D:6: 1417 daAuts
    D:11: 1230 daAuts
    D:10: 1228 daAuts
     D:8: 1206 daAuts
     D:3: 1121 daAuts
     D:5: 1079 daAuts
     D:9: 1026 daAuts
     D:1: 910 daAuts
     D:7: 846 daAuts
     D:2: 770 daAuts
 Ossuary: 585 daAuts
     D:4: 372 daAuts
  Bailey: 276 daAuts
